TOP OF THE 1ST |
Lake County Captains batting - Pitching for Quad Cities River Bandits : LHP Mike Holloway
|
Pitching: LHP Mike Holloway
|
|
Batting: RHB George Wagner
|
0-0: Foul Ball, location: 2F 0-1: SINGLE (Groundball, 4D, EV 101.2 MPH)
|
Batting: RHB Steve Gusman
|
0-0: Ball 1-0: Ball 2-0: Called Strike 2-1: Foul Ball, location: 2F 2-2: Fielders Choice at 2nd, 6-4 (Groundball, 6, EV 86.2 MPH)
|
Batting: RHB Josh Patterson
|
0-0: Foul Ball, location: 2F 0-1: Called Strike 0-2: Strikes out swinging
|
Batting: LHB Jeff Palmowski
|
0-0: Called Strike 0-1: Ball 1-1: Called Strike Steve Gusman is caught stealing 2nd base 2-6
|
Top of the 1st over - 0 runs, 1 hit, 0 errors, 0 left on base; Lake County 0 - Quad Cities 0 |
BOTTOM OF THE 1ST |
Quad Cities River Bandits batting - Pitching for Lake County Captains : RHP Alex Mora
|
Pitching: RHP Alex Mora
|
|
Batting: LHB Glenn Lowther
|
0-0: Foul Ball, location: 2F 0-1: Foul Ball, location: 2F 0-2: Foul Ball, location: 2F 0-2: Ball 1-2: Ball 2-2: Foul Ball, location: 2F 2-2: Foul Ball, location: 2F 2-2: Ball 3-2: SINGLE (Flyball, 6MD, EV 85.0 MPH)
|
Batting: RHB Sean Mounts
|
0-0: Called Strike 0-1: Ball 1-1: Called Strike Glenn Lowther steals 2nd base 1-2: Strikes out looking
|
Batting: LHB Danny Wolver
|
0-0: Called Strike 0-1: Called Strike 0-2: DOUBLE (Flyball, 78XD, EV 105.6 MPH) Glenn Lowther scores
|
Batting: RHB Andrew Pride
|
0-0: Called Strike 0-1: Ball 1-1: Swinging Strike 1-2: Strikes out swinging
|
Batting: LHB Daigo Ishii
|
0-0: Called Strike 0-1: Ball 1-1: SINGLE (Groundball, 4MD, EV 108.1 MPH) Danny Wolver to third Runner from 3rd tries for Home, SAFE, throw by CF to home
|
Batting: RHB Alex Campos
|
0-0: Ball 1-0: Swinging Strike 1-1: Swinging Strike 1-2: Ball 2-2: Fielders Choice at 2nd, 6-4 (Groundball, 6, EV 85.6 MPH)
|
Bottom of the 1st over - 2 runs, 3 hits, 0 errors, 1 left on base; Lake County 0 - Quad Cities 2 |
TOP OF THE 2ND |
Lake County Captains batting - Pitching for Quad Cities River Bandits : LHP Mike Holloway
|
Batting: LHB Jeff Palmowski
|
0-0: Called Strike 0-1: Ball 1-1: Ground out U3 (Groundball, 3L, EV 89.4 MPH)
|
Batting: LHB Brandon Hopper
|
0-0: Ball 1-0: Fly out, F7 (Flyball, 7LS, EV 81.2 MPH)
|
Batting: RHB Adam McMillen
|
0-0: Called Strike 0-1: Ground out 6-3 (Groundball, 6, EV 79.4 MPH)
|
Top of the 2nd over - 0 runs, 0 hits, 0 errors, 0 left on base; Lake County 0 - Quad Cities 2 |
BOTTOM OF THE 2ND |
Quad Cities River Bandits batting - Pitching for Lake County Captains : RHP Alex Mora
|
Batting: LHB Fernando Gomez
|
0-0: Called Strike 0-1: Ball 1-1: Swinging Strike 1-2: SINGLE (Groundball, 56, EV 101.9 MPH)
|
Batting: RHB Kieron Clark
|
0-0: Ball 1-0: Ball 2-0: Fly out, F6 (Line Drive, 6, EV 73.1 MPH)
|
Batting: RHB Reginald McDougall
|
0-0: Ball 1-0: Fielders Choice at 2nd, 6-4 (Groundball, 6, EV 84.4 MPH)
|
Batting: LHB Glenn Lowther
|
0-0: Called Strike 0-1: Ball 1-1: Ball 2-1: Fly out, F8 (Flyball, 8LD, EV 101.9 MPH)
|
Bottom of the 2nd over - 0 runs, 1 hit, 0 errors, 1 left on base; Lake County 0 - Quad Cities 2 |
TOP OF THE 3RD |
Lake County Captains batting - Pitching for Quad Cities River Bandits : LHP Mike Holloway
|
Batting: LHB Aaron Caron
|
0-0: Foul Ball, location: 2F 0-1: Swinging Strike 0-2: Ball 1-2: Foul Ball, location: 2F 1-2: Strikes out looking
|
Batting: RHB Anibal Casteles
|
0-0: Ball 1-0: Ball 2-0: Called Strike 2-1: Foul Ball, location: 2F 2-2: Ground out 6-3 (Groundball, 6, EV 84.4 MPH)
|
Batting: RHB John Bianconi
|
0-0: Ball 1-0: Ball 2-0: Foul Ball, location: 2F 2-1: Ground out 6-3 (Groundball, 4M, EV 83.8 MPH)
|
Top of the 3rd over - 0 runs, 0 hits, 0 errors, 0 left on base; Lake County 0 - Quad Cities 2 |
BOTTOM OF THE 3RD |
Quad Cities River Bandits batting - Pitching for Lake County Captains : RHP Alex Mora
|
Batting: RHB Sean Mounts
|
0-0: Called Strike 0-1: Fly out, F9 (Line Drive, 9S, EV 91.2 MPH)
|
Batting: LHB Danny Wolver
|
0-0: Ball 1-0: Ball 2-0: Ball 3-0: Called Strike 3-1: Base on Balls
|
Batting: RHB Andrew Pride
|
0-0: Ball Danny Wolver is caught stealing 2nd base 2-4 1-0: Swinging Strike 1-1: Ball 2-1: Called Strike 2-2: Ground out 6-3 (Groundball, 6, EV 84.4 MPH)
|
Bottom of the 3rd over - 0 runs, 0 hits, 0 errors, 0 left on base; Lake County 0 - Quad Cities 2 |
TOP OF THE 4TH |
Lake County Captains batting - Pitching for Quad Cities River Bandits : LHP Mike Holloway
|
Batting: RHB George Wagner
|
0-0: Foul Ball, location: 2F 0-1: Fly out, F8 (Flyball, 8LM, EV 87.5 MPH)
|
Batting: RHB Steve Gusman
|
0-0: Called Strike 0-1: Ball 1-1: Ball 2-1: Ground out 4-3 (Groundball, 4, EV 103.8 MPH)
|
Batting: RHB Josh Patterson
|
0-0: Foul Ball, location: 2F 0-1: Ball 1-1: Fly out, F9 (Line Drive, 9LS, EV 85.6 MPH)
|
Top of the 4th over - 0 runs, 0 hits, 0 errors, 0 left on base; Lake County 0 - Quad Cities 2 |
BOTTOM OF THE 4TH |
Quad Cities River Bandits batting - Pitching for Lake County Captains : RHP Alex Mora
|
Batting: LHB Daigo Ishii
|
0-0: Called Strike 0-1: Ball 1-1: Foul Ball, location: 2F 1-2: Ball 2-2: Ball 3-2: Fly out, F3 (Line Drive, 3, EV 77.5 MPH)
|
Batting: RHB Alex Campos
|
0-0: Ball 1-0: Ground out 6-3 (Groundball, 6, EV 80.0 MPH)
|
Batting: LHB Fernando Gomez
|
0-0: Ball 1-0: Swinging Strike 1-1: Called Strike 1-2: Ground out 6-3 (Groundball, 6, EV 106.2 MPH)
|
Bottom of the 4th over - 0 runs, 0 hits, 0 errors, 0 left on base; Lake County 0 - Quad Cities 2 |
TOP OF THE 5TH |
Lake County Captains batting - Pitching for Quad Cities River Bandits : LHP Mike Holloway
|
Batting: LHB Jeff Palmowski
|
0-0: Ball 1-0: Called Strike 1-1: Foul Ball, location: 2F 1-2: Foul Ball, location: 2F 1-2: Strikes out swinging
|
Batting: LHB Brandon Hopper
|
0-0: Called Strike 0-1: Foul Ball, location: 2F 0-2: Foul Ball, location: 2F 0-2: Ball 1-2: Ground out 3-1 (Groundball, 34, EV 78.8 MPH)
|
Batting: RHB Adam McMillen
|
0-0: Ball 1-0: Foul Ball, location: 2F 1-1: Called Strike 1-2: Strikes out looking
|
Top of the 5th over - 0 runs, 0 hits, 0 errors, 0 left on base; Lake County 0 - Quad Cities 2 |
BOTTOM OF THE 5TH |
Quad Cities River Bandits batting - Pitching for Lake County Captains : RHP Alex Mora
|
Batting: RHB Kieron Clark
|
0-0: Ball 1-0: Foul Ball, location: 2F 1-1: Foul Ball, location: 2F 1-2: Ball 2-2: Ground out 1-3 (Groundball, 15S, EV 73.1 MPH)
|
Batting: RHB Reginald McDougall
|
0-0: Fly out, F7 (Flyball, 7LD, EV 96.9 MPH)
|
Batting: LHB Glenn Lowther
|
0-0: Fly out, F4 (Line Drive, 4, EV 71.9 MPH)
|
Bottom of the 5th over - 0 runs, 0 hits, 0 errors, 0 left on base; Lake County 0 - Quad Cities 2 |
TOP OF THE 6TH |
Lake County Captains batting - Pitching for Quad Cities River Bandits : LHP Mike Holloway
|
Batting: LHB Aaron Caron
|
0-0: Ball 1-0: Ball 2-0: Ball 3-0: Called Strike 3-1: Foul Ball, location: 2F 3-2: Foul Ball, location: 2F 3-2: Base on Balls
|
Batting: RHB Anibal Casteles
|
0-0: Ball 1-0: Called Strike 1-1: Grounds into double play, 6-4-3 (Groundball, 6, EV 91.9 MPH)
|
Batting: RHB John Bianconi
|
0-0: Foul Ball, location: 2F 0-1: Ground out 6-3 (Groundball, 6, EV 86.9 MPH)
|
Top of the 6th over - 0 runs, 0 hits, 0 errors, 0 left on base; Lake County 0 - Quad Cities 2 |
BOTTOM OF THE 6TH |
Quad Cities River Bandits batting - Pitching for Lake County Captains : RHP Alex Mora
|
Batting: RHB Sean Mounts
|
0-0: SOLO HOME RUN (Flyball, 7D, EV 103.8 MPH), Distance : 398 ft
|
Batting: LHB Danny Wolver
|
0-0: Fly out, F7 (Flyball, 7LSF, EV 89.4 MPH)
|
Batting: RHB Andrew Pride
|
0-0: Called Strike 0-1: Foul Ball, location: 2F 0-2: Ball 1-2: Ball 2-2: Ground out 5-3 (Groundball, 56, EV 81.9 MPH)
|
Batting: LHB Daigo Ishii
|
0-0: Called Strike 0-1: Foul Ball, location: 2F 0-2: Ball 1-2: Strikes out looking
|
Bottom of the 6th over - 1 run, 1 hit, 0 errors, 0 left on base; Lake County 0 - Quad Cities 3 |
TOP OF THE 7TH |
Lake County Captains batting - Pitching for Quad Cities River Bandits : LHP Mike Holloway
|
Batting: RHB George Wagner
|
0-0: Fly out, F9 (Flyball, 89S, EV 88.8 MPH)
|
Batting: RHB Steve Gusman
|
0-0: Ball 1-0: Ball 2-0: Called Strike 2-1: Foul Ball, location: 2F 2-2: Ball 3-2: SINGLE (Groundball, 56D, EV 103.1 MPH) (infield hit)
|
Batting: RHB Josh Patterson
|
0-0: Called Strike Steve Gusman is caught stealing 2nd base 2-4 0-1: Ball 1-1: Swinging Strike 1-2: Ball 2-2: Ball 3-2: Strikes out swinging
|
Top of the 7th over - 0 runs, 1 hit, 0 errors, 0 left on base; Lake County 0 - Quad Cities 3 |
BOTTOM OF THE 7TH |
Quad Cities River Bandits batting - Pitching for Lake County Captains : RHP Alex Mora
|
Batting: RHB Alex Campos
|
0-0: Called Strike 0-1: Ball 1-1: Ball 2-1: Called Strike 2-2: SINGLE (Line Drive, 3D, EV 96.9 MPH)
|
Batting: LHB Fernando Gomez
|
0-0: Ball 1-0: Grounds out, U3 (Groundball, 3L, EV 98.8 MPH)
|
Batting: RHB Kieron Clark
|
0-0: Intentional Walk
|
Batting: RHB Reginald McDougall
|
0-0: Ball 1-0: Called Strike 1-1: Swinging Strike 1-2: Foul Ball, location: 2F 1-2: Strikes out looking
|
Batting: LHB Glenn Lowther
|
0-0: TRIPLE (Line Drive, 8RXD, EV 105.0 MPH) Alex Campos scores Kieron Clark scores
|
Pitching: RHP Nate Burnett
|
|
Batting: RHB Sean Mounts
|
0-0: Ball 1-0: Ground out 5-3 (Groundball, 56, EV 86.9 MPH)
|
Bottom of the 7th over - 2 runs, 2 hits, 0 errors, 1 left on base; Lake County 0 - Quad Cities 5 |
TOP OF THE 8TH |
Lake County Captains batting - Pitching for Quad Cities River Bandits : LHP Mike Holloway
|
Pitching: RHP Gabe Torres
|
|
Batting: LHB Jeff Palmowski
|
0-0: Ball 1-0: Ground out 6-3 (Groundball, 6, EV 91.2 MPH)
|
Batting: LHB Brandon Hopper
|
0-0: SINGLE (Groundball, 6MD, EV 105.0 MPH)
|
Pinch Hitting: LHB Vinny Carreno
|
0-0: Ball 1-0: Ball 2-0: Called Strike 2-1: Swinging Strike 2-2: Strikes out swinging
|
Batting: LHB Aaron Caron
|
0-0: Called Strike 0-1: Ball 1-1: SINGLE (Groundball, 4D, EV 101.9 MPH) Brandon Hopper to second Runner from 2nd tries for 3rd, SAFE, throw by RF made to third
|
Batting: RHB Anibal Casteles
|
0-0: Ball 1-0: Ball 2-0: Called Strike 2-1: Called Strike 2-2: Ball 3-2: Base on Balls Aaron Caron to second
|
Pinch Hitting: LHB John Shults
|
0-0: Ball 1-0: Ball 2-0: Ball 3-0: Base on Balls Brandon Hopper scores Aaron Caron to third Anibal Casteles to second
|
Pinch Hitting: LHB Ben Rubenacker
|
0-0: Called Strike 0-1: Swinging Strike 0-2: Strikes out swinging
|
Top of the 8th over - 1 run, 2 hits, 0 errors, 3 left on base; Lake County 1 - Quad Cities 5 |
BOTTOM OF THE 8TH |
Quad Cities River Bandits batting - Pitching for Lake County Captains : RHP Nate Burnett
|
Now at 1B: Ben Rubenacker
|
|
Now at 3B: Reynaldo Herrera
|
|
Now at SS: Josh Patterson
|
|
Now in CF: Aaron Caron
|
|
Now in RF: John Shults
|
|
Batting: LHB Danny Wolver
|
0-0: Ball 1-0: Ball 2-0: Ball 3-0: Base on Balls
|
Batting: RHB Andrew Pride
|
0-0: Called Strike 0-1: Ball 1-1: Ball 2-1: Fly out, F6 (Popup, 6MS, EV 65.0 MPH)
|
Batting: LHB Daigo Ishii
|
0-0: Called Strike 0-1: Swinging Strike 0-2: Fly out, F9 (Flyball, 9, EV 90.0 MPH)
|
Batting: RHB Alex Campos
|
0-0: Ball 1-0: Foul Ball, location: 2F 1-1: Ball 2-1: Ball 3-1: Foul Ball, location: 2F 3-2: DOUBLE (Groundball, 5L, EV 100.0 MPH) Danny Wolver to third Danny Wolver scores
|
Batting: LHB Fernando Gomez
|
0-0: Ball 1-0: SINGLE (Groundball, 25, EV 65.0 MPH) (infield hit) Alex Campos to third
|
Batting: RHB Kieron Clark
|
0-0: Ball 1-0: Called Strike 1-1: Swinging Strike 1-2: SINGLE (Groundball, 56S, EV 75.0 MPH) (infield hit) Alex Campos scores Fernando Gomez to second
|
Batting: RHB Reginald McDougall
|
0-0: Fly out, F8 (Line Drive, 8RM, EV 100.0 MPH)
|
Bottom of the 8th over - 2 runs, 3 hits, 0 errors, 2 left on base; Lake County 1 - Quad Cities 7 |
TOP OF THE 9TH |
Lake County Captains batting - Pitching for Quad Cities River Bandits : RHP Gabe Torres
|
Batting: RHB Steve Gusman
|
0-0: SINGLE (Groundball, 4MD, EV 98.1 MPH)
|
Batting: RHB Josh Patterson
|
0-0: Ball 1-0: Fly out, F6 (Line Drive, 6, EV 58.8 MPH)
|
Batting: LHB Jeff Palmowski
|
0-0: Ball 1-0: Foul Ball, location: 2F 1-1: Fly out, F8 (Line Drive, 8RM, EV 84.4 MPH)
|
Batting: LHB Brandon Hopper
|
0-0: Ground out 4-3 (Groundball, 4, EV 87.5 MPH)
|
Top of the 9th over - 0 runs, 1 hit, 0 errors, 1 left on base; Lake County 1 - Quad Cities 7 |
|